 Dungeon Crawl Stone Soup version 0.31-a0-702-gf82c85558f (webtiles) character file.

Game seed: 10618271482482790417

143 qw the Shooter (level 5, 0/32 HPs)
             Began as a Gargoyle Hunter on Sept 8, 2023.
             Killed by divine providence
             ... invoked by an orc priest
              (12 damage)
             ... on level 3 of the Dungeon.
             The game lasted 00:01:07 (2021 turns).

qw the Shooter (Gargoyle Hunter)                    Turns: 2021, Time: 00:01:08

Health: 0/32       AC:  9    Str: 14      XL:     5   Next: 25%
Magic:  5/5        EV: 10    Int:  9 (10) God:
Gold:   158        SH:  0    Dex: 12 (15) Spells: 4/4 levels left

rFire   . . .        Y - +0 shortbow
rCold   . . .        (shield currently unavailable)
rNeg    + . .        d - +0 ring mail
rPois   inf          (no helmet)
rElec   +            (no cloak)
rCorr   .            (no gloves)
SInv    .            (no boots)
Will    .....        (no amulet)
Stlth   +            (no ring)
HPRegen 0.25/turn    (no ring)
MPRegen 0.09/turn

%: no passive effects
@: no status effects
A: sickness immunity, AC +4, negative energy resistance 1, electricity
resistance, torment resistance 1, petrification resistance
a: no special abilities


You were on level 3 of the Dungeon.
You visited 1 branch of the dungeon, and saw 3 of its levels.

You collected 158 gold pieces.


Innate Abilities, Weirdness & Mutations

You are immune to sickness and miasma.
Your stone body is resilient. (AC +4)
You are immune to poison.
You resist negative energy. (rN+)
You are resistant to electric shocks. (rElec)
You are resistant to unholy torment.
You are immune to petrification.


   Skills:
 - Level 3.0 Fighting
 + Level 5.9 Ranged Weapons
 - Level 1.0 Armour
 - Level 1.5 Dodging
 - Level 1.1 Stealth


You had 4 spell levels left.
You didn't know any spells.
Your spell library was empty.

Inventory:

Hand Weapons
 Y - a +0 shortbow (weapon)
Armour
 d - a +0 ring mail (worn)
Scrolls
 a - a scroll of identify
 b - 3 scrolls of blinking {unknown}
 c - a scroll of poison {unknown}
Potions
 e - a potion of magic {unknown}
 g - 2 potions of curing
 h - a potion of enlightenment {unknown}
 j - 2 potions of heal wounds {unknown}
 k - a potion of brilliance {unknown}
 m - a potion of haste {unknown}
 n - a potion of ambrosia {unknown}

Dungeon Overview and Level Annotations

Branches:
Dungeon (3/15)

Altars:


Message History

You have reached level 5!
You start resting.
HP restored.
Things that are here:
a +0 mace; an orc corpse
Things that are here:
a +0 dagger; a kobold corpse You now have 158 gold pieces (gained 12).
An orc comes into view. It is wielding a +0 trident.
The orc shouts!
An orc comes into view. It is wielding a +0 short sword.
An orc priest comes into view. It is wielding a +0 club.
2010 ||| Stepping ~*~*~tactically~*~*~ (outnumbered).
An orc comes into view. It is wielding a +0 war axe.
2012 ||| Stepping ~*~*~tactically~*~*~ (outnumbered).
You shoot an arrow.
The arrow hits the orc but does no damage.
You shoot an arrow. The arrow hits the orc!
You kill the orc!
Found a dagger.
The orc priest shouts!
You hear a shout! x2
You shoot an arrow. The arrow hits the orc priest.
The orc priest is moderately wounded.
You shoot an arrow. The arrow hits the orc priest.
The orc priest is severely wounded.
You shoot an arrow. The arrow hits the orc priest.
The orc priest is severely wounded.
The orc priest mumbles some strange prayers to Beogh against you.
Pain shoots through your body!
You shoot an arrow. The arrow hits the orc priest.
The orc priest is almost dead.
The orc priest invokes the aid of Beogh against you.
Beogh smites you!
Ouch! That really hurt!
You shoot an arrow. The arrow barely misses the orc priest.
The arrow hits the orc.
The orc is moderately wounded.
The orc priest mumbles some strange prayers to Beogh against you.
Beogh smites you!
You die...

#####
....##############
......))........@#
###.############o#
#.#### ..). #####
###....# ).o...#
#.... ^......###
.......# #....
.........#
#......## #####
...[..|....
+......# ##....
#.##...#.##
#......# ##P.PP.
#.##...#.# _PP....


You could see an orc priest and an orc.

Vanquished Creatures
  An orc priest (D:3)
  4 adders (D:3)
  A dart slug (D:1)
  2 worms
  An orc (D:3)
  4 bats
  7 endoplasms
  2 giant cockroaches (D:3)
  9 goblins
  5 hobgoblins
  3 quokkas
  6 ball pythons
  6 frilled lizards
  12 kobolds
  8 rats
71 creatures vanquished.

Notes
Turn   | Place    | Note
-------+----------+-------------------------------------------
     0 | D:1      | qw the Gargoyle Hunter began the quest for the Orb.
     0 | D:1      | Reached XP level 1. HP: 12/12 MP: 1/1
     0 | D:1      | 0 ||| qw: Version: 0.3-a-76-g4403597
     0 | D:1      | 0 ||| qw: Game counter: 1016
     0 | D:1      | 0 ||| qw: Melee chars always use a shield: true
     0 | D:1      | 0 ||| qw: God list: Okawaru
     0 | D:1      | 0 ||| qw: Allow faded altars: false
     0 | D:1      | 0 ||| qw: Do Orc after clearing Dungeon:15 true
     0 | D:1      | 0 ||| qw: Do second Lair branch before Depths: true
     0 | D:1      | 0 ||| qw: Lair rune preference: random
     0 | D:1      | 0 ||| qw: Goals: Normal
     0 | D:1      | 0 ||| PLANNING D:1-11
   164 | D:1      | Reached XP level 2. HP: 17/17 MP: 2/2
   267 | D:1      | 267 ||| UPGRADING to +0 ring mail.
   277 | D:1      | 277 ||| DROPPING +0 leather armour.
   278 | D:1      | 278 ||| READING 2 scrolls labelled IDAGOIRAMI.
   314 | D:1      | 314 ||| DROPPING scroll of silence.
   315 | D:1      | 315 ||| DROPPING scroll of butterflies.
   429 | D:1      | Reached skill level 1 in Armour
   696 | D:1      | Reached XP level 3. HP: 21/21 MP: 3/3
   895 | D:1      | 895 ||| READING scroll labelled AHOUPS SITYITI.
  1118 | D:2      | Reached skill level 5 in Ranged Weapons
  1461 | D:2      | 1461 ||| DROPPING amulet of magic regeneration.
  1462 | D:2      | 1462 ||| READING scroll labelled ROOTIDONNOSI.
  1463 | D:2      | 1463 ||| READING scroll labelled UCESTI ZAFUDGH.
  1464 | D:2      | 1464 ||| READING scroll labelled SAK KAKLENEESS.
  1569 | D:3      | Reached skill level 3 in Fighting
  1569 | D:3      | Reached XP level 4. HP: 28/28 MP: 4/4
  1649 | D:3      | 1649 ||| FLEEEEING.
  1651 | D:3      | 1651 ||| FLEEEEING.
  1652 | D:3      | 1652 ||| FLEEEEING.
  1653 | D:3      | 1653 ||| FLEEEEING.
  1654 | D:3      | 1654 ||| FLEEEEING.
  1655 | D:3      | 1655 ||| FLEEEEING.
  1656 | D:3      | 1656 ||| FLEEEEING.
  1657 | D:3      | 1657 ||| FLEEEEING.
  1658 | D:3      | 1658 ||| FLEEEEING.
  1659 | D:3      | 1659 ||| FLEEEEING.
  1660 | D:3      | 1660 ||| FLEEEEING.
  1661 | D:3      | 1661 ||| STAIRDANCE
  1680 | D:2      | 1680 ||| READING scroll labelled JUBBUF FEOS.
  1681 | D:2      | 1681 ||| DRINKING 2 viscous silvery potions.
  1682 | D:2      | 1682 ||| DRINKING 2 blue potions.
  1683 | D:2      | 1683 ||| READING 2 scrolls of identify.
  1683 | D:2      | 1683 ||| IDENTIFYING ruby potion
  1684 | D:2      | 1684 ||| DROPPING potion of berserk rage.
  1685 | D:2      | 1685 ||| DROPPING potion of degeneration.
  1700 | D:3      | 1700 ||| STAIRDANCE
  1854 | D:3      | Found a faded altar of an unknown god.
  1956 | D:3      | Reached XP level 5. HP: 21/32 MP: 5/5
  2010 | D:3      | 2010 ||| Stepping ~*~*~tactically~*~*~ (outnumbered).
  2012 | D:3      | 2012 ||| Stepping ~*~*~tactically~*~*~ (outnumbered).
  2021 | D:3      | Killed from afar by an orc priest

Levels and vault maps discovered:
D:1:      spicycebolla_green_bress_n_ham_2, layout_basic
D:2:      layout_basic
D:3:      layout_basic, shapermc_ecumenical_altar_flowoftime,
          minmay_joined_circles

Skill      XL: |  1  2  3 |
---------------+----------+-----
Armour         | 1 |  1.0
Ranged Weapons | 5 |  5.9
Fighting       | 3 |  3.0
Dodging        | |  1.5
Stealth        | |  1.1

Action                     |  1- 3 |  4- 6 || total
---------------------------+-------+-------++-------
   Fire: Shortbow          |   131 |    99 ||   230
    Use: Scroll            |     5 |     2 ||     7
         Potion            |       |     2 ||     2
 Armour: Leather armour    |    10 |       ||    10
         Ring mail         |     9 |    41 ||    50
  Dodge: Dodged            |    23 |    37 ||    60

Table legend:
 A = Non-vault XP
 B = Vault XP
 C = Vault XP percentage of total XP
 D = Non-vault monster count
 E = Vault monster count
 F = Vault count percentage of total count
                 A         B        C        D         E       F
            +---------+---------+-------+---------+---------+-------
      Total |     158 |      47 |  22.9 |      57 |      14 |  19.7
            +---------+---------+-------+---------+---------+-------
        D:1 |      35 |       0 |   0.0 |      24 |       0 |   0.0
        D:2 |      29 |       0 |   0.0 |      16 |       0 |   0.0
        D:3 |      94 |      47 |  33.3 |      17 |      14 |  45.2
            +---------+---------+-------+---------+---------+-------
